 Dungeon Crawl Stone Soup version 0.18.1-8-gdd0e5ea (webtiles) character file.

6 deorigin the Ruffian (level 1, 0/18 HPs)
             Began as a Naga Transmuter on May 24, 2016.
             Slain by a giant gecko (4 damage)
             ... on level 1 of the Dungeon.
             The game lasted 00:01:03 (167 turns).

deorigin the Ruffian (Naga Transmuter)               Turns: 167, Time: 00:01:04

Health: 0/18       AC:  1    Str: 12    XL:     1   Next: 90%
Magic:  3/3        EV: 10    Int: 13    God:
Gold:   30         SH:  0    Dex: 11    Spells: 1 memorised, 3 levels left

rFire  . . .     SeeInvis +       - Unarmed
rCold  . . .     Gourm    .     b - +0 robe
rNeg   . . .     Faith    .     (no shield)
rPois  +         Spirit   .     (no helmet)
rElec  .         Dismiss  .     (no cloak)
rCorr  .         Reflect  .     (no gloves)
SustAt .         Harm     .     (no barding)
MR     .....                    (no amulet)
Stlth  +.........               (no ring)
                                (no ring)

@: appendage (expiring), very slow, not resistant to hostile enchantments, very
unstealthy
A: horns 2, see invisible, deformed body, poison resistance, slowness 2, slow
metabolism 1, spit poison 2, AC +0
a: Spit Poison, End Transformation


You were on level 1 of the Dungeon.
You were not hungry.
You had grown temporary horns.
You visited 1 branch of the dungeon, and saw 1 of its levels.

You collected 30 gold pieces.

Inventory:

Hand Weapons
 h - a +1 dagger of holy wrath
Missiles
 a - 12 arrows
Armour
 b - a +0 robe (worn)
Jewellery
 i - an uncursed amulet of guardian spirit {unknown}
Scrolls
 e - 3 scrolls of enchant armour {unknown}
Potions
 g - a potion of flight {unknown}
Books
 c - a book of Changes

   Spells                             Type                      Level
   a - Beastly Appendage              Transmutation                1
   b - Sticks to Snakes               Transmutation                2
   c - Spider Form                    Transmutation/Poison         3
   d - Ice Form                       Ice/Transmutation            4
   e - Blade Hands                    Transmutation                5
Comestibles
 d - a bread ration
 f - 2 chunks of flesh


   Skills:
 - Level 1.0 Fighting
 - Level 1.5 Dodging
 - Level 3.0 Unarmed Combat
 - Level 2.0 Spellcasting
 + Level 2.6 Transmutations


You had 3 spell levels left.
You knew the following spells:

 Your Spells              Type           Power        Failure   Level  Hunger
a - Beastly Appendage     Trmt           #.....       10%         1    ##.....


Dungeon Overview and Level Annotations

Branches:
Dungeon (1/15)

Altars:


Innate Abilities, Weirdness & Mutations

You cannot wear boots.
Your serpentine skin is tough (AC +0).
You have supernaturally acute eyesight.
Armour fits poorly on your strangely shaped body.
Your system is resistant to poisons.
You cover ground very slowly.
You have a slow metabolism.
You can spit poison.
You have a pair of horns on your head.


Message History

You feel slightly more hungry.
Your transformation is almost over.
You hit the giant gecko.
The giant gecko is heavily wounded.
The giant gecko closely misses you. The giant gecko bites you.
You miss the giant gecko.
The giant gecko is heavily wounded.
The giant gecko barely misses you.
You miss the giant gecko.
The giant gecko is heavily wounded.
The giant gecko completely misses you.
You miss the giant gecko.
The giant gecko is heavily wounded.
You have got your breath back.
The giant gecko bites you.
* * * LOW HITPOINT WARNING * * *
You miss the giant gecko.
The giant gecko is heavily wounded.
The giant gecko bites you.
You die...

##...#### # #.# ........#
#.#.# ........# #.#..## .
........# .# #.#)#.###..#)
##...#### ....#..........###
#...# l.....>....#......
##...#### #..........
........# ### #####......#.#
>.......# #.# #.@l.........#
........# #.#
#.###(.....####### ##...####
#.###................. #.).#
#..........##.#...##
##...####
#...#....####.....#
........# #..###.#.# ###...#
........# #...#..#.# #..##
........####....##.######..#
........#.##.#####.#.......#


You could see a giant gecko.

Vanquished Creatures
  A goblin (D:1)
  2 hobgoblins (D:1)
  A kobold (D:1)
  A giant newt (D:1)
5 creatures vanquished.

Notes
Turn   | Place    | Note
--------------------------------------------------------------
     0 | D:1      | deorigin the Naga Transmuter began the quest for the Orb.
     0 | D:1      | Reached XP level 1. HP: 18/18 MP: 3/3
   167 | D:1      | Slain by a giant gecko

Action                   || total
-------------------------++-------
Melee: Unarmed           ||    14
 Cast: Beastly Appendage ||     3
 Abil: Spit Poison       ||     5
Armor: Robe              ||     1
Dodge: Dodged            ||     4
